 Dungeon Crawl Stone Soup version 0.29-a0-648-g6b26cc9f40 (webtiles) character file.

Game seed: 13140649041411034046

364 kae the Firebug (level 6, -8/52 HPs)
             Began as a Deep Elf Fire Elementalist on June 20, 2022.
             Mangled by Edmund
             ... wielding a +0 dire flail of protection
              (17 damage)
             ... on level 4 of the Dungeon.
             The game lasted 00:03:14 (5574 turns).

kae the Firebug (Deep Elf Fire Elementalist)        Turns: 5574, Time: 00:03:15

Health: -8/52      AC:  3    Str:  5    XL:     6   Next: 39%
Magic:  3/14       EV: 12    Int: 28    God:
Gold:   245        SH:  0    Dex: 15    Spells: 5/14 levels left

rFire   . . .      SeeInvis .   f - +0 club (flame)
rCold   . . .      Faith    .   c - orb {*Rage}
rNeg    . . .      Spirit   .   a - +0 robe
rPois   .          Reflect  .   (no helmet)
rElec   .          Harm     .   (no cloak)
rCorr   .          Rampage  .   (no gloves)
Will    .....      Rage     20% h - +0 pair of boots
Stlth   ..........              (no amulet)
HPRegen 0.17/turn               j - +6 ring of intelligence
MPRegen 0.14/turn               (no ring)

@: berserking, very quick
A: no striking features
a: no special abilities


You were on level 4 of the Dungeon.
You visited 1 branch of the dungeon, and saw 4 of its levels.

You collected 245 gold pieces.

Inventory:

Hand Weapons
 f - a +0 club of flaming (weapon)
Armour
 a - a +0 robe (worn)
 c - an orb of wrath (worn)
 e - the +0 ring mail "Sodil" {+Blink Int+6 Slay-6}
   (You found it on level 2 of the Dungeon)

   Int:       It affects your intelligence (+6).
   Slay:      It affects your accuracy & damage with ranged weapons and melee
   (-6).
   +Blink:    It lets you blink.
 h - a +0 pair of boots (worn)
 k - an orb of energy
Jewellery
 j - a +6 ring of intelligence (left hand)
Scrolls
 n - a scroll of magic mapping
Potions
 b - 3 potions of magic
 d - a potion of degeneration
 g - 4 potions of curing
 i - 2 potions of lignification {unknown}
 l - a potion of might {unknown}
 m - a potion of mutation {unknown}
 o - a potion of attraction {unknown}
 p - a potion of resistance {unknown}


   Skills:
 + Level 1.8 Fighting
 - Level 2.4 Dodging
 - Level 2.4 Stealth
 + Level 4.5 Spellcasting
 * Level 4.1 Conjurations
 * Level 5.3 Fire Magic


You had 5 spell levels left.
You knew the following spells:

 Your Spells              Type           Power      Damage    Failure   Level
a - Foxfire               Conj/Fire      100%       2x1d9     1%          1
b - Scorch                Fire           72%        2d8       1%          2
c - Conjure Flame         Conj/Fire      33%        6-21      3%          3
d - Inner Flame           Hex/Fire       21%        N/A       7%          3

Your spell library contained the following spells:

 Spells                   Type           Power      Damage    Failure   Level
 Magic Dart               Conj           100%       1d8       1%          1
 Summon Small Mammal      Summ           24%        N/A       7%          1
 Flame Wave               Conj/Fire      33%        2d8       10%         4
 Call Imp                 Summ           6%         N/A       11%         2
 Mephitic Cloud           Conj/Pois/Air  14%        N/A       12%         3
 Call Canine Familiar     Summ           6%         N/A       22%         3
 Summon Guardian Golem    Hex/Summ       6%         N/A       22%         3


Dungeon Overview and Level Annotations

Branches:
Dungeon (4/15)
 Temple: D:4-7

Altars:
Cheibriados
Zin

Annotations:
D:3 1 runed translucent door, Crazy Yiuf, Grinder
D:4 Edmund


Message History

Casting: Foxfire (safe; 1% risk of failure)
Confirm with . or Enter, or press ? or * to list all spells.
You conjure some foxfire!
Edmund is no longer more vulnerable to fire.
The foxfire hits Edmund but does no damage.
Edmund is moderately wounded.
The foxfire hits Edmund but does no damage.
Edmund is moderately wounded.
Casting: Foxfire (safe; 1% risk of failure)
Confirm with . or Enter, or press ? or * to list all spells.
You conjure some foxfire!
The foxfire hits Edmund.
Edmund is moderately wounded.
The foxfire hits Edmund but does no damage.
Edmund is moderately wounded.
You hit Edmund but do no damage.
Edmund is moderately wounded.
Edmund hits you with a +0 dire flail of protection.
You barely miss Edmund.
Edmund is moderately wounded.
Edmund hits you with a +0 dire flail of protection!
A red film seems to cover your vision as you go berserk!
You feel yourself moving faster!
You feel mighty!
You hit Edmund but do no damage.
Edmund is moderately wounded.
Edmund barely misses you.
You barely miss Edmund.
Edmund is moderately wounded.
Edmund hits you but does no damage.
You barely miss Edmund.
Edmund is moderately wounded.
Edmund hits you with a +0 dire flail of protection!
You closely miss Edmund.
Edmund is moderately wounded.
Edmund hits you with a +0 dire flail of protection!
* * * LOW HITPOINT WARNING * * *
You barely miss Edmund.
Edmund is moderately wounded.
Edmund hits you with a +0 dire flail of protection!
You die...

#...........# #.
#...........# #.
#..>.....# #@
###....)...#.# #.
#............# #.
#............# #.
#.#........###
#?####.##..##..##
#.....@@..........
#########.##.#####
#.# .# #.# # ##.##
##.#.##
##.###.###### #.##
##....[#
##.###.####.#


You could see Edmund.

Vanquished Creatures
  A scorpion (D:3)
  A hound (D:3)
  Natasha (thrice) (D:3)
  12 adders
  An ufetubus (D:4)
  3 worms
  15 ball pythons
  3 endoplasms
  3 giant cockroaches
  6 goblins
  7 hobgoblins
  3 jackals (D:2)
  4 quokkas
  8 bats
  3 frilled lizards
  10 kobolds
  8 rats
91 creatures vanquished.

Vanquished Creatures (others)
  277 foxfires
277 creatures vanquished.

Grand Total: 368 creatures vanquished

Notes
Turn   | Place    | Note
-------+----------+-------------------------------------------
     0 | D:1      | kae the Deep Elf Fire Elementalist began the quest for the
                  | Orb.
     0 | D:1      | Reached XP level 1. HP: 10/10 MP: 6/6
   391 | D:1      | Reached XP level 2. HP: 15/15 MP: 6/8
   625 | D:1      | Learned a level 2 spell: Scorch
  1101 | D:1      | Reached XP level 3. HP: 19/20 MP: 6/9
  1652 | D:2      | Identified the +0 ring mail "Sodil" {+Blink Int+6 Slay-6}
  1730 | D:2      | Reached skill level 4 in Fire Magic
  1895 | D:2      | Learned a level 3 spell: Conjure Flame
  2030 | D:2      | Reached skill level 1 in Fighting
  2030 | D:2      | Reached XP level 4. HP: 25/25 MP: 6/11
  2669 | D:2      | Found a faded altar of an unknown god.
  2755 | D:2      | Reached XP level 5. HP: 29/29 MP: 9/13
  2759 | D:2      | Learned a level 3 spell: Inner Flame
  3184 | D:3      | Noticed Natasha
  3191 | D:3      | Killed Natasha
  3436 | D:3      | Noticed Natasha
  3447 | D:3      | Killed Natasha
  3513 | D:3      | Found a large runed translucent door.
  3514 | D:3      | Found a large runed translucent door.
  3946 | D:3      | Noticed Natasha
  3954 | D:3      | Killed Natasha
  3955 | D:3      | Reached skill level 5 in Fire Magic
  4069 | D:3      | Noticed Grinder
  4177 | D:3      | Found a runed translucent door.
  4178 | D:3      | Noticed Crazy Yiuf
  4228 | D:3      | Reached XP level 6. HP: 34/34 MP: 8/14
  4765 | D:3      | Found a snail-covered altar of Cheibriados.
  4770 | D:3      | Found a glowing silver altar of Zin.
  5547 | D:4      | Noticed Edmund
  5574 | D:4      | Mangled by Edmund

Illustrated notes

Levels and vault maps discovered:
D:1:      dpeg_arrival_renting, layout_loops_cross
D:2:      layout_basic, shapermc_ecumenical_altar_hornbeckon,
          minmay_snake_closets
D:3:      layout_basic, jmf_multi_god_temple2, minmay_door_square,
          uniq_crazy_yiuf_cottage, uniq_grinder, uniq_natasha
D:4:      layout_loops_ring, nicolae_ru_awakened_eye,
          gammafunk_temple_overflow_statue, minmay_temple_entry_statues_pillars,
          st_stairs_5, uniq_edmund, uniq_robin

Skill      XL: |  1  2  3  4  5  6 |
---------------+-------------------+-----
Conjurations   | 2 3 4 |  4.1
Fire Magic     | 4 5 |  5.3
Fighting       | 1 |  1.8
Spellcasting   | 4 |  4.5
Dodging        | |  2.4
Stealth        | |  2.4

Action                   |  1- 3 |  4- 6 || total
-------------------------+-------+-------++-------
Melee: Club              |     7 |     7 ||    14
 Cast: Foxfire           |    83 |    84 ||   167
       Scorch            |     8 |    21 ||    29
       Conjure Flame     |       |     1 ||     1
  Use: Scroll            |     1 |     5 ||     6
Armor: Robe              |     9 |     6 ||    15
Dodge: Dodged            |    21 |    24 ||    45

Table legend: (Time is in decaauts)
 A = Elapsed time spent in this place.
 B = Non-inter-level travel time spent in this place.
 C = Inter-level travel time spent in this place.
 D = Time resting spent in this place.
 E = Time spent auto-exploring this place.
 F = Levels seen in this place.
 G = Mean time per level.
                   A        B        C        D        E       F      G
               +--------+--------+--------+--------+--------+-----+--------+
         Total |   5596 |   5417 |    179 |    779 |   3962 |   4 | 1399.0 |
       Dungeon |   5596 |   5417 |    179 |    779 |   3962 |   4 | 1399.0 |
               +--------+--------+--------+--------+--------+-----+--------+

Top non-repeatable levels by time:
     D:3: 2379 daAuts
     D:1: 1560 daAuts
     D:2: 1495 daAuts
     D:4: 160 daAuts
